 Dungeon Crawl Stone Soup version 0.28-a0-925-gd5e1996cdb (webtiles) character file.

Game seed: 14917369394307116241

292 croobank the Chopper (level 6, -6/53 HPs)
             Began as a Gnoll Chaos Knight on Nov 26, 2021.
             Was a Believer of Nemelex Xobeh.
             Killed by divine providence
             ... invoked by an orc priest
              (12 damage)
             ... on level 4 of the Dungeon.
             The game lasted 00:22:01 (3762 turns).

croobank the Chopper (Gnoll Chaos Knight)           Turns: 3762, Time: 00:22:02

Health: -6/53      AC:  5    Str: 11 (12) XL:     6   Next: 33%
Magic:  8/8        EV: 12    Int: 12      God:    Nemelex Xobeh [**....]
Gold:   128        SH:  0    Dex: 12      Spells: 8/8 levels left

rFire   x . .      SeeInvis +   a - +0 hand axe (chaos)
rCold   + . .      Faith    .   (no shield)
rNeg    . . .      Spirit   .   f - +2 leather armour
rPois   .          Reflect  .   l - +0 helmet
rElec   .          Harm     .   (no cloak)
rCorr   .          Rampage  .   (no gloves)
Will    .....                   (no boots)
Stlth   ++........              (no amulet)
HPRegen 0.17/turn               j - ring of ice
MPRegen 0.11/turn               o - ring of see invisible

@: no status effects
A: fangs 1, strong nose, distributed training, deformed body, deterioration 1
a: Renounce Religion, Draw Escape, Draw Destruction, Draw Summoning


You were on level 4 of the Dungeon.
You worshipped Nemelex Xobeh.
Nemelex Xobeh was pleased with you.
You visited 1 branch of the dungeon, and saw 4 of its levels.

You collected 128 gold pieces.

Inventory:

Hand Weapons
 a - a +0 hand axe of chaos (weapon)
 b - a +0 hunting sling
 i - a +2 short sword of flaming
 s - a +0 short sword
Missiles
 c - 107 stones (quivered)
 d - 52 arrows
 g - 24 sling bullets
 r - 2 boomerangs
Armour
 f - a +2 leather armour (worn)
 l - a +0 helmet (worn)
 m - a +0 ring mail of willpower
Jewellery
 j - a ring of ice (left hand)
 k - a ring of flight
 o - a ring of see invisible (right hand)
 p - a ring of wizardry
Wands
 h - a wand of acid (11)
Scrolls
 e - a scroll of teleportation {unknown}
Potions
 n - a potion of flight
 t - a potion of attraction


   Skills:
 + Level 6.8 Fighting
 + Level 1.9 Short Blades
 + Level 1.9 Long Blades
 + Level 6.8 Axes
 + Level 1.9 Maces & Flails
 + Level 1.9 Polearms
 + Level 1.9 Staves
 + Level 1.9 Slings
 + Level 1.9 Bows
 + Level 1.9 Crossbows
 + Level 1.9 Throwing
 + Level 5.0 Armour
 + Level 3.2 Dodging
 + Level 1.9 Stealth
 + Level 1.9 Shields
 + Level 1.9 Unarmed Combat
 + Level 1.9 Spellcasting
 + Level 1.5 Conjurations
 + Level 1.5 Hexes
 + Level 1.5 Summonings
 + Level 1.5 Necromancy
 + Level 1.5 Translocations
 + Level 1.5 Transmutations
 + Level 1.5 Fire Magic
 + Level 1.5 Ice Magic
 + Level 1.5 Air Magic
 + Level 1.5 Earth Magic
 + Level 1.5 Poison Magic
 + Level 2.1 Invocations
 + Level 1.9 Evocations


You had 8 spell levels left.
You didn't know any spells.
Your spell library was empty.

Dungeon Overview and Level Annotations

Branches:
Dungeon (4/15)
 Temple: D:4-7

Altars:
Nemelex Xobeh
Trog


Innate Abilities, Weirdness & Mutations

You have very sharp teeth.
Your uncanny sense of smell can sniff out nearby items.
Your experience applies equally to all skills.
Armour fits poorly on your strangely shaped body.
Your body sometimes deteriorates upon taking damage.


Message History

Okay, then.
You don't know any spells.
Your library has no spells.
There are monsters nearby!
You feel less confused. The orc priest completely misses you.
You hit the orc wizard.
The orc wizard is moderately wounded.
You barely miss the orc priest. The orc priest hits you with a +0 club.
The orc wizard misses you.
You closely miss the orc wizard.
The orc wizard is moderately wounded.
You hit the orc priest but do no damage.
The orc priest barely misses you.
The orc wizard hits you but does no damage.
You barely miss the orc wizard.
The orc wizard is moderately wounded.
You closely miss the orc priest.
The orc priest hits you but does no damage.
The orc wizard closely misses you.
You hit the orc wizard.
The orc wizard is heavily wounded.
You closely miss the orc priest. The orc priest barely misses you.
The orc wizard misses you.
You hit the orc wizard but do no damage.
You bite the orc wizard, but do no damage.
The orc wizard is heavily wounded.
You hit the orc priest.
The orc priest seems to speed up.
The orc priest hits you with a +0 club. The orc wizard misses you.
You slash the orc priest! You freeze the orc priest.
The orc priest is severely wounded.
You hit the orc wizard but do no damage.
The orc wizard seems to grow stronger.
The orc priest mumbles some strange prayers to Beogh against you.
Beogh smites you!
* * * LOW HITPOINT WARNING * * *
The orc priest invokes the aid of Beogh against you.
Beogh smites you!
You die...
Your body disappears without a glow.

#### ################
##... #.........#....#
.....##.........#....#
.....................####
..)....#####.............
.......#####........###..
.......o................>
#....)o@...........##...
#............#####......
..............# #.##...
..............#...#.##...
...#..........'..........
.. ####.......#..........
. #.......#...#......
........#...#......
.......###...#......


You could see an orc priest (fast) and an orc wizard (strong, invisible).

Vanquished Creatures
  A water moccasin skeleton (D:4)
  An orc priest (D:4)
  Natasha (thrice) (D:2)
  3 gnolls (D:3)
  3 adders
  2 worms (D:2)
  11 orcs
  4 ball pythons
  7 endoplasms
  A giant cockroach (D:3)
  3 goblins
  9 hobgoblins
  3 quokkas
  6 bats
  5 frilled lizards
  11 kobolds
  2 rats
75 creatures vanquished.

Notes
Turn   | Place    | Note
-------+----------+-------------------------------------------
     0 | D:1      | croobank the Gnoll Chaos Knight began the quest for the
                  | Orb.
     0 | D:1      | Reached XP level 1. HP: 23/23 MP: 1/1
    89 | D:1      | Reached XP level 2. HP: 17/29 MP: 2/2
   123 | D:1      | XOM: divination: detect creatures
   511 | D:1      | Reached XP level 3. HP: 35/35 MP: 3/3
   543 | D:1      | Found a faded altar of an unknown god.
   587 | D:1      | Prayed at the altar of an unknown god.
   587 | D:1      | Fell from the grace of Xom
   587 | D:1      | Became a worshipper of Nemelex Xobeh the Trickster
   587 | D:1      | Reached * piety under Nemelex Xobeh
   950 | D:2      | XOM: noise
   966 | D:2      | Noticed Natasha
   978 | D:2      | Killed Natasha
   979 | D:2      | Reached skill level 1 in Short Blades
   979 | D:2      | Reached skill level 1 in Long Blades
   979 | D:2      | Reached skill level 1 in Maces & Flails
   979 | D:2      | Reached skill level 1 in Polearms
   979 | D:2      | Reached skill level 1 in Staves
   979 | D:2      | Reached skill level 1 in Slings
   979 | D:2      | Reached skill level 1 in Bows
   979 | D:2      | Reached skill level 1 in Crossbows
   979 | D:2      | Reached skill level 1 in Throwing
   979 | D:2      | Reached skill level 1 in Stealth
   979 | D:2      | Reached skill level 1 in Shields
   979 | D:2      | Reached skill level 1 in Unarmed Combat
   979 | D:2      | Reached skill level 1 in Spellcasting
   979 | D:2      | Reached skill level 1 in Invocations
   979 | D:2      | Reached skill level 1 in Evocations
   979 | D:2      | Reached XP level 4. HP: 35/41 MP: 5/5
  1035 | D:2      | Received a gift from Nemelex Xobeh
  1291 | D:2      | You fall into a shaft and drop 2 floors!
  1786 | D:2      | Noticed Natasha
  1790 | D:2      | Reached skill level 1 in Conjurations
  1790 | D:2      | Reached skill level 1 in Hexes
  1790 | D:2      | Reached skill level 1 in Summonings
  1790 | D:2      | Reached skill level 1 in Necromancy
  1790 | D:2      | Reached skill level 1 in Translocations
  1790 | D:2      | Reached skill level 1 in Transmutations
  1790 | D:2      | Reached skill level 1 in Fire Magic
  1790 | D:2      | Reached skill level 1 in Ice Magic
  1790 | D:2      | Reached skill level 1 in Air Magic
  1790 | D:2      | Reached skill level 1 in Earth Magic
  1790 | D:2      | Reached skill level 1 in Poison Magic
  1800 | D:2      | Killed Natasha
  1888 | D:3      | Reached XP level 5. HP: 34/47 MP: 5/7
  2017 | D:2      | Noticed Natasha
  2025 | D:2      | Killed Natasha
  2226 | D:3      | Found a bloodstained altar of Trog.
  2649 | D:3      | Gained mutation: You are agile. (Dex +2) [potion of
                  | mutation]
  2923 | D:3      | XOM: torment (25/47 hp)
  3069 | D:3      | Reached ** piety under Nemelex Xobeh
  3177 | D:3      | XOM: give mutations
  3177 | D:3      | Lost mutation: You are agile. (Dex +2) [Xom's mischief]
  3177 | D:3      | Gained mutation: Your body sometimes deteriorates upon
                  | taking damage. [Xom's mischief]
  3177 | D:3      | Gained mutation: Armour fits poorly on your strangely
                  | shaped body. [Xom's mischief]
  3458 | D:4      | Reached XP level 6. HP: 38/53 MP: 8/8
  3697 | D:4      | Received a gift from Nemelex Xobeh
  3751 | D:4      | Reached skill level 5 in Armour
  3762 | D:4      | Killed from afar by an orc priest

Illustrated notes

Levels and vault maps discovered:
D:1:      dpeg_arrival_renting, layout_basic,
          shapermc_ecumenical_altar_notcrosses, st_stairs_4,
          roderic_nine_men_s_morris
D:2:      layout_rooms, minmay_goblin_kobold_house, uniq_natasha
D:3:      layout_basic, mainiacjoe_overflow_concentric_impassable
D:4:      layout_basic, minmay_close_crescents, uniq_pikel

Skill      XL: |  1  2  3  4  5  6 |
---------------+-------------------+-----
Short Blades   | 1 |  1.9
Long Blades    | 1 |  1.9
Maces & Flails | 1 |  1.9
Polearms       | 1 |  1.9
Staves         | 1 |  1.9
Slings         | 1 |  1.9
Bows           | 1 |  1.9
Crossbows      | 1 |  1.9
Throwing       | 1 |  1.9
Stealth        | 1 |  1.9
Shields        | 1 |  1.9
Unarmed Combat | 1 |  1.9
Spellcasting   | 1 |  1.9
Invocations    | 1 2 |  2.1
Evocations     | 1 |  1.9
Conjurations   | 1 |  1.5
Hexes          | 1 |  1.5
Summonings     | 1 |  1.5
Necromancy     | 1 |  1.5
Translocations | 1 |  1.5
Transmutations | 1 |  1.5
Fire Magic     | 1 |  1.5
Ice Magic      | 1 |  1.5
Air Magic      | 1 |  1.5
Earth Magic    | 1 |  1.5
Poison Magic   | 1 |  1.5
Dodging        | 3 |  3.2
Armour         | 5 |  5.0
Fighting       | |  6.8
Axes           | |  6.8

Action                   |  1- 3 |  4- 6 || total
-------------------------+-------+-------++-------
Melee: Hand axe          |    89 |   159 ||   248
       Bite              |     9 |    14 ||    23
Throw: Stone             |     1 |     7 ||     8
Invok: Draw Escape       |       |     1 ||     1
Evoke: Wand              |       |     1 ||     1
  Use: Potion            |     1 |     2 ||     3
       Scroll            |     1 |     3 ||     4
 Stab: Sleeping          |       |     3 ||     3
Armor: Leather armour    |    33 |    44 ||    77
Dodge: Dodged            |    58 |    98 ||   156

Table legend: (Time is in decaauts)
 A = Elapsed time spent in this place.
 B = Non-inter-level travel time spent in this place.
 C = Inter-level travel time spent in this place.
 D = Time resting spent in this place.
 E = Time spent auto-exploring this place.
 F = Levels seen in this place.
 G = Mean time per level.
                   A        B        C        D        E       F      G
               +--------+--------+--------+--------+--------+-----+--------+
         Total |   3753 |   3694 |     59 |   1096 |   1564 |   4 |  938.2 |
       Dungeon |   3753 |   3694 |     59 |   1096 |   1564 |   4 |  938.2 |
               +--------+--------+--------+--------+--------+-----+--------+

Top non-repeatable levels by time:
     D:3: 1670 daAuts
     D:1: 946 daAuts
     D:2: 694 daAuts
     D:4: 441 daAuts
